 Dungeon Crawl Stone Soup version 0.31.0-9-g3a7656b989 (console) character file.

Game seed: 13059702247997931144

10992 AlterAsc the Severer (level 12, -11/81 HPs)
             Began as a Formicid Fighter on Jan 27, 2024.
             Was a High Priest of Okawaru.
             Mangled by Urug
             ... wielding a +4 scimitar of venom
              (27 damage)
             ... on level 1 of the Lair of Beasts.
             The game lasted 00:20:09 (8865 turns).

AlterAsc the Severer (Formicid Fighter)             Turns: 8865, Time: 00:20:11

Health: -11/81     AC: 19    Str: 24    XL:     12   Next: 2%
Magic:  14/14      EV: 14    Int:  6    God:    Okawaru [*****.]
Gold:   495        SH: 10    Dex: 16    Spells: 11/11 levels left

rFire   . . .        b - +0 battleaxe
rCold   . . .        c - +0 buckler
rNeg    . . .        s - +6 scale mail of Absence {Will+ Int-4 Dex+3}
rPois   .            (helmet unavailable)
rElec   .            y - +2 cloak "Suplihia" {rCorr}
rCorr   +            K - +2 pair of gloves
SInv    +            (no boots)
Will    ++...        z - amulet of reflection Stlth
                     m - +5 ring of evasion
HPRegen 0.33/turn    (no ring)
MPRegen 0.14/turn

%: reflection
@: lethally poisoned (-11 -> -21)
A: permanent stasis, dig shafts and tunnels, antennae 3, four strong arms
a: Dig, Shaft Self, Renounce Religion, Heroism, Finesse, Duel


You were on level 1 of the Lair of Beasts.
You worshipped Okawaru.
Okawaru was extremely pleased with you.
You visited 3 branches of the dungeon, and saw 12 of its levels.

You collected 583 gold pieces.
You spent 88 gold pieces at shops.

Inventory:

Hand Weapons
 a - a +0 war axe
 b - a +0 battleaxe (weapon)
 f - a +7 spear of venom
 N - the +3 hand axe "Fuweap" {drain, rN+}
   (You found it on level 7 of the Dungeon)

   rN+:       It protects you from negative energy.
Missiles
 j - 9 javelins (quivered)
 o - 11 poisoned darts
 F - 6 darts of dispersal
 G - 6 atropa-tipped darts
 I - a boomerang
 M - 6 curare-tipped darts
Armour
 c - a +0 buckler (worn)
 s - the +6 scale mail of Absence (worn) {Will+ Int-4 Dex+3}
   (You found it on level 2 of the Dungeon)

   Int-4:     It affects your intelligence (-4).
   Dex+3:     It affects your dexterity (+3).
   Will+:     It increases your willpower.
 y - the +2 cloak "Suplihia" (worn) {rCorr}
   (You found it on level 3 of the Dungeon)

   rCorr:     It protects you from acid and corrosion.
 K - a +2 pair of gloves (worn)
Jewellery
 h - an amulet of magic regeneration
 m - a +5 ring of evasion (left hand)
 z - an amulet of reflection (around neck)
 D - a ring of fire
Wands
 q - a wand of acid (1)
 u - a wand of flame (70)
 J - a wand of paralysis (20)
 S - a wand of polymorph (1)
Scrolls
 i - 3 scrolls of amnesia
 n - 2 scrolls of blinking
 p - a scroll of poison
 r - 3 scrolls of noise
 v - 2 scrolls of immolation
 w - a scroll of enchant weapon {unknown}
 B - 3 scrolls of revelation
 C - 3 scrolls of fear {unknown}
 H - a scroll of enchant armour {unknown}
 L - 2 scrolls of torment
 O - a scroll of teleportation {unknown}
 P - a scroll of summoning {unknown}
 Q - a scroll of silence {unknown}
Potions
 d - 6 potions of might
 e - 2 potions of curing
 g - 3 potions of mutation {unknown}
 k - 4 potions of heal wounds
 l - 4 potions of brilliance {unknown}
 t - a potion of lignification {unknown}
 A - a potion of resistance {unknown}
 E - a potion of ambrosia {unknown}
 R - a potion of attraction {unknown}


   Skills:
 - Level 3.2 Fighting
 + Level 17.6 Axes
 - Level 3.2 Armour
 - Level 4.0 Shields
 - Level 3.0 Invocations


You had 11 spell levels left.
You didn't know any spells.
Your spell library contained the following spells:

 Spells                   Type           Power      Damage    Failure   Level
 Slow                     Hex            0%         N/A       82%         1
 Ensorcelled Hibernation  Hex/Ice        0%         N/A       91%         2
 Lesser Beckoning         Tloc           0%         N/A       91%         2
 Confusing Touch          Hex            0%         N/A       99%         3
 Gell's Gravitas          Tloc           0%         N/A       99%         3
 Passwall                 Erth           0%         N/A       99%         3
 Sigil of Binding         Hex            0%         N/A       99%         3
 Teleport Other           Tloc           0%         N/A       99%         3
 Vampiric Draining        Necr           0%         2d6       99%         3
 Swiftness                Air            Unusable   N/A       N/A         3

Dungeon Overview and Level Annotations

Branches:
Dungeon (10/15)            Temple (1/1) D:7            Lair (1/5) D:9
    Orc (0/2) D:10

Altars:
Ashenzari
Cheibriados
Dithmenos
Elyvilon
Fedhas
Gozag
Hepliaklqana
Kikubaaqudgha
Makhleb
Nemelex Xobeh
Okawaru
Qazlal
Ru
Sif Muna
Trog
Uskayaw
Vehumet
Wu Jian
Xom
Yredelemnul
Zin
The Shining One

Shops:
D:5 !

Annotations:
Lair:1 Urug


Innate Abilities, Weirdness & Mutations

You cannot be hasted, slowed, berserked, paralysed or teleported.
You can dig through walls and to a lower floor.
You have a pair of large antennae on your head. (SInv)
Your four strong arms can wield two-handed weapons with a shield.


Message History

Urug is moderately wounded.
You slash the water moccasin!
You kill the water moccasin!
Okawaru accepts your kill.
You hit the water moccasin.
You feel sick.
The water moccasin bites you but does no damage.
You barely miss Urug.
Urug is moderately wounded.
You hit the water moccasin but do no damage.
You feel sick.
Urug hits you with a +4 scimitar of venom.
You are more poisoned.
The water moccasin completely misses you.
You completely miss Urug.
Urug is moderately wounded.
You barely miss the water moccasin.
You feel very sick. You block the water moccasin's attack.
Urug hits you with a +4 scimitar of venom!
* * * LOW HITPOINT WARNING * * *
Press: ? - help, v - describe, . - travel
Here: Urug, wielding a +4 scimitar of venom, wearing a +1 scale mail of fire resistance and quivering silver javelins (moderately wounded)
The floor, spattered with blood.
Unknown command.
You feel better. You block the water moccasin's attack.
Urug closely misses you.
You slash Urug!
Urug is heavily wounded.
You barely miss the water moccasin. The water moccasin barely misses you.
Urug hits you with a +4 scimitar of venom!
* * * LOW HITPOINT WARNING * * *
You are poisoned.
You hit Urug.
Urug is heavily wounded.
You miss the water moccasin.
You feel very sick.
The water moccasin bites you but does no damage.
You block the water moccasin's attack.
Urug hits you with a +4 scimitar of venom!!
You die...
Urug screams, "Revenge at last!"

#......#.........
##........♣.....♣
##......+......
##...........##
##...........#
#......##...##
###......#..$###
##...........♣.
##.....##.....
#....†..#..>.
###..@S..#
##..o....#
##......#
##....... #......
#..... #.... #.).


You could see Urug and a water moccasin.

Vanquished Creatures
  2 two-headed ogres
  Nergalle (Lair:1)
  Pikel (D:7)
  A cane toad (Lair:1)
  A gargoyle (D:10)
  Jeremiah (D:8)
  A rime drake (D:9)
  A polar bear (D:9)
  A hornet (D:7)
  Sigmund (D:5)
  2 wyverns
  A wraith (D:10)
  9 yaks
  2 steam dragons
  An acid dragon (D:9)
  Duvessa (D:7)
  A water moccasin (Lair:1)
  A swamp drake (D:10)
  3 black bears
  4 ice beasts (D:9)
  2 ogres (D:7)
  2 sky beasts
  9 orc warriors
  8 wolves
  A lemure (D:7)
  3 centaurs
  A kobold brigand (D:9)
  A bullfrog (Lair:1)
  2 gnoll sergeants
  5 wights (D:8)
  Dowan (D:7)
  7 howler monkeys
  3 bombardier beetles
  4 hounds
  A jelly (D:4)
  6 orc priests
  A sleepcap (D:6)
  10 orc wizards
  A gnoll bouda (D:5)
  4 iguanas
  Ijyb (D:3)
  15 gnolls
  9 adders
  3 shadow imps (D:7)
  2 ufetubi (D:7)
  A dart slug (D:3)
  38 orcs
  2 ball pythons (D:2)
  6 bats
  10 endoplasms
  4 goblins
  8 hobgoblins
  4 jackals (D:2)
  A quokka (D:2)
  4 frilled lizards
  12 kobolds
  4 rats
232 creatures vanquished.

Vanquished Creatures (others)
  An orc wizard (D:8)
  An orc (D:8)
2 creatures vanquished.

Grand Total: 234 creatures vanquished

Notes
Turn   | Place    | Note
-------+----------+-------------------------------------------
     0 | D:1      | AlterAsc the Formicid Fighter began the quest for the Orb.
     0 | D:1      | Reached XP level 1. HP: 18/18 MP: 1/1
   341 | D:1      | Reached XP level 2. HP: 24/24 MP: 2/2
   392 | D:1      | Found a faded altar of an unknown god.
   987 | D:2      | Reached skill level 3 in Axes
  1176 | D:2      | Reached XP level 3. HP: 29/29 MP: 3/3
  1214 | D:2      | Reached skill level 4 in Axes
  1214 | D:2      | Reached XP level 4. HP: 25/35 MP: 4/4
  1810 | D:2      | Identified the +6 scale mail of Absence {Will+ Int-4 Dex+3}
  2233 | D:3      | Noticed Ijyb
  2250 | D:3      | Killed Ijyb
  2251 | D:3      | Reached skill level 5 in Axes
  2251 | D:3      | Reached XP level 5. HP: 33/41 MP: 5/5
  2757 | D:3      | Identified the +2 cloak "Suplihia" {rCorr}
  2903 | D:4      | Reached XP level 6. HP: 46/47 MP: 6/6
  2918 | D:4      | Reached skill level 6 in Axes
  3279 | D:5      | Entered Level 5 of the Dungeon
  3288 | D:5      | Noticed an orc warrior
  3305 | D:5      | Killed an orc warrior
  3307 | D:5      | Reached skill level 7 in Axes
  3307 | D:5      | Reached XP level 7. HP: 47/52 MP: 7/7
  3564 | D:5      | Found Wuaxoulegg's Distillery.
  3572 | D:5      | Bought a potion of curing for 33 gold pieces
  3572 | D:5      | Bought a potion of heal wounds for 55 gold pieces
  3792 | D:5      | Reached skill level 8 in Axes
  4072 | D:5      | Reached XP level 8. HP: 57/58 MP: 8/8
  4123 | D:5      | Noticed Sigmund
  4130 | D:5      | Killed Sigmund
  4131 | D:5      | Reached skill level 9 in Axes
  4328 | D:6      | Reached skill level 10 in Axes
  4405 | D:6      | Identified the +1 ring mail of the Fresh God {rElec rC+
                  | Int+4 Dex-4}
  4495 | D:6      | Reached XP level 9. HP: 53/64 MP: 9/9
  4719 | D:6      | Reached skill level 11 in Axes
  4827 | D:7      | Noticed Pikel
  4844 | D:7      | Killed Pikel
  4845 | D:7      | Reached skill level 12 in Axes
  4933 | D:7      | Noticed Duvessa
  4933 | D:7      | Noticed Dowan
  4945 | D:7      | Killed Duvessa
  4951 | D:7      | Killed Dowan
  5153 | D:7      | Found a broken altar of Ashenzari.
  5190 | D:7      | Found a staircase to the Ecumenical Temple.
  5200 | Temple   | Found a transporter.
  5200 | Temple   | Found a transporter.
  5200 | Temple   | Found a transporter.
  5200 | Temple   | Found a transporter.
  5200 | Temple   | Entered the Ecumenical Temple
  5222 | Temple   | Became a worshipper of Warmaster Okawaru
  5390 | D:7      | Noticed a hornet
  5406 | D:7      | Killed a hornet
  5407 | D:7      | Reached skill level 13 in Axes
  5407 | D:7      | Reached XP level 10. HP: 41/70 MP: 10/10
  5763 | D:7      | Identified the +3 hand axe "Fuweap" {drain, rN+}
  5924 | D:8      | Reached * piety under Okawaru
  6015 | D:8      | Noticed a two-headed ogre
  6024 | D:8      | Killed a two-headed ogre
  6025 | D:8      | Reached skill level 14 in Axes
  6453 | D:8      | Reached ** piety under Okawaru
  6567 | D:8      | Noticed Jeremiah
  6585 | D:8      | Killed Jeremiah
  6586 | D:8      | Reached skill level 1 in Invocations
  6702 | D:8      | Found a hide-covered altar of Uskayaw.
  6702 | D:8      | Found an ornate altar of the Wu Jian Council.
  6974 | D:9      | Reached skill level 15 in Axes
  6978 | D:9      | Noticed a rime drake
  6994 | D:9      | Killed a rime drake
  6995 | D:9      | Reached XP level 11. HP: 75/75 MP: 13/13
  7008 | D:9      | Found a staircase to the Lair.
  7018 | D:9      | Reached *** piety under Okawaru
  7196 | D:9      | Identified the +0 leather armour of Lightning Storm {*Slow
                  | rElec rN+}
  7424 | D:9      | Reached skill level 16 in Axes
  7737 | D:10     | Entered Level 10 of the Dungeon
  7820 | D:10     | Noticed a two-headed ogre
  7999 | D:10     | Killed a two-headed ogre
  7999 | D:10     | Reached **** piety under Okawaru
  8090 | D:10     | Found a staircase to the Orcish Mines.
  8596 | Lair:1   | Entered Level 1 of the Lair of Beasts
  8605 | Lair:1   | Reached skill level 17 in Axes
  8794 | Lair:1   | Noticed Nergalle
  8811 | Lair:1   | Killed Nergalle
  8811 | Lair:1   | Reached ***** piety under Okawaru
  8812 | Lair:1   | Reached XP level 12. HP: 80/81 MP: 14/14
  8853 | Lair:1   | Noticed Urug
  8865 | Lair:1   | Mangled by Urug

Illustrated notes

Levels and vault maps discovered:
D:1:      saegor_arrival_simple_b, layout_basic,
          hellmonk_ecumenical_altar_leap_of_faith
D:2:      layout_basic, minmay_fractal_squares_5
D:3:      layout_loops_corners, uniq_ijyb
D:4:      layout_rooms, minmay_misc_feat_x
D:5:      layout_basic, serial_shops, nicolae_shop_pleasant_corner_grove,
          uniq_sigmund
D:6:      layout_gridville, lightli_minifort
D:7:      layout_loops_cross, overflow_temple_1_default,
          lemuel_temple_firewalk_b, uniq_duvessa, uniq_pikel
D:8:      layout_basic, mainiacjoe_overflow_divided_tiny, uniq_jeremiah
D:9:      layout_roguey, hellmonk_lair_entry_icy
D:10:     layout_loops_ring, erik_orc_1
Temple:   hellmonk_temple_divided_pantheon
Lair:1:   layout_hall_layers, grunt_megastairs_5, uniq_nergalle, uniq_urug

Skill      XL: |  1  2  3  4  5  6  7  8  9 10 11 |
---------------+----------------------------------+-----
Axes           | 3 4 5 7 8 10 13 15 17 | 17.6
Invocations    | 3 |  3.0
Fighting       | |  3.2
Armour         | |  3.2
Shields        | |  4.0

Action                     |  1- 3 |  4- 6 |  7- 9 | 10-12 || total
---------------------------+-------+-------+-------+-------++-------
  Melee: War axe           |    71 |    96 |   245 |    22 ||   434
         Hand axe          |       |       |       |   320 ||   320
         Spear             |       |       |       |    14 ||    14
         Battleaxe         |       |       |       |    58 ||    58
  Throw: Dart              |       |       |       |     4 ||     4
    Use: Scroll            |       |       |       |     7 ||     7
         Potion            |       |       |       |     3 ||     3
 Armour: Scale mail        |    36 |    27 |   107 |   194 ||   364
  Dodge: Dodged            |    39 |    60 |   140 |   155 ||   394
  Block: Buckler           |    24 |    32 |   131 |   196 ||   383
         Reflection        |       |     1 |     3 |     5 ||     9
